 Dungeon Crawl Stone Soup version 0.29-a0-468-ge57f7f99b4 (webtiles) character file.

Game seed: 11666214579451268316

72 dabmancer the Magician (level 4, 0/24 HPs)
             Began as a Deep Elf Hedge Wizard on May 21, 2022.
             Succumbed to an adder's poison
             ... on level 3 of the Dungeon.
             The game lasted 00:12:12 (3551 turns).

dabmancer the Magician (Deep Elf Hedge Wizard)      Turns: 3551, Time: 00:12:14

Health: 0/24       AC:  2    Str:  4 (7)  XL:     4   Next: 6%
Magic:  12/13      EV: 12    Int: 20 (21) God:
Gold:   162        SH:  0    Dex: 13 (14) Spells: 7/13 levels left

rFire   . . .      SeeInvis .   k - +0 quarterstaff
rCold   . . .      Faith    .   (shield currently unavailable)
rNeg    . . .      Spirit   .   b - +0 robe
rPois   .          Reflect  .   c - +0 hat
rElec   .          Harm     .   (no cloak)
rCorr   .          Rampage  .   (no gloves)
Will    .....                   (no boots)
Stlth   ++........              (no amulet)
HPRegen 0.08/turn               (no ring)
MPRegen 0.13/turn               (no ring)

@: lethally poisoned (0 -> -10), hasted, very quick
A: no striking features
a: no special abilities


You were on level 3 of the Dungeon.
You visited 1 branch of the dungeon, and saw 3 of its levels.

You collected 162 gold pieces.

Inventory:

Hand Weapons
 a - a +0 dagger
 h - a +0 hand axe
 k - a +0 quarterstaff (weapon)
Missiles
 e - 134 stones
Armour
 b - a +0 robe (worn)
 c - a +0 hat (worn)
Scrolls
 g - a scroll of teleportation {unknown}
 i - a scroll of identify {unknown}
 j - a scroll of magic mapping {unknown}
 n - 2 scrolls of immolation {unknown}
 p - a scroll of fear {unknown}
Potions
 d - a potion of magic
 l - a potion of lignification


   Skills:
 + Level 3.0 Dodging
 + Level 2.8 Stealth
 + Level 5.4 Spellcasting
 + Level 2.2 Conjurations
 + Level 1.6 Summonings
 + Level 1.3 Translocations


You had 7 spell levels left.
You knew the following spells:

 Your Spells              Type           Power      Damage    Failure   Level
a - Magic Dart            Conj           56%        1d5       4%          1
b - Blink                 Tloc           22%        N/A       10%         2
c - Call Imp              Summ           12%        N/A       9%          2
d - Slow                  Hex            20%        N/A       11%         1

Your spell library contained the following spells:

 Spells                   Type           Power      Damage    Failure   Level
 Conjure Flame            Conj/Fire      9%         6-21      22%         3
 Mephitic Cloud           Conj/Pois/Air  8%         N/A       24%         3
 Ignite Poison            Fire/Tmut/Pois 5%         N/A       32%         3
 Freezing Cloud           Conj/Ice/Air   4%         6-21      92%         5


Dungeon Overview and Level Annotations

Branches:
Dungeon (3/15)

Altars:
Vehumet
Yredelemnul


Message History

You are poisoned.
The adder poisons you!
You feel sick.
You feel sick. The adder bites you.
Unknown command.
It was a potion of lignification.
You turn into a tree.
Your +0 hat melds into your body.
Your +0 robe melds into your body.
Your roots penetrate the ground.
You feel sick. The adder bites you.
* * * LOW HITPOINT WARNING * * *
Magic courses through your body.
You feel sick. The adder bites you but does no damage.
Unknown command.
Unknown command.
Unknown command.
You are too injured to fight recklessly!
Aiming: Magic Dart (safe; 4% risk of failure)
Press: ? - help, Q - select action, (/) - cycle Shift-Dir - straight line, f/p - goblin
Aim: a goblin, wielding a +0 club (heavily wounded, 100% to hit)
The magic dart hits the adder but does no damage.
You feel sick. The adder barely misses you. The adder bites you.
* * * LOW HITPOINT WARNING * * *
You are lethally poisoned!
The adder poisons you!
It was a potion of degeneration.
There was something very wrong with that liquid.
You feel weakened.
You feel dopey.
You feel clumsy.
* * * LOW HITPOINT WARNING * * *
You feel sick. The adder barely misses you.
Unknown command.
It was a potion of cancellation.
Your magical effects are unravelling.
You feel magically purged.
You feel less wooden.
Your +0 hat unmelds from your body.
Your +0 robe unmelds from your body.
* * * LOW HITPOINT WARNING * * *
You feel sick. The adder bites you.
* * * LOW HITPOINT WARNING * * *
You are more poisoned.
The adder poisons you!
It was a potion of haste.
You feel yourself speed up.
You die...

###+##### ........#
........# ........#
........# #######
........# #...@.#
##...########.###S######
#...'..........#g.....#
#...########.#.#†.....#
#...# #.#.#......# #...#
#.. #†<....# #...#
###.#......# #...#
##.†..>.# #...# .).....#


You could see an adder and a goblin.

Vanquished Creatures
  A worm (D:2)
  4 dart slugs
  2 ball pythons (D:1)
  10 endoplasms
  A giant cockroach (D:2)
  6 goblins
  7 hobgoblins
  4 jackals
  4 kobolds
  2 quokkas
  5 bats
  2 rats (D:2)
48 creatures vanquished.

Vanquished Creatures (collateral kills)
  A worm (D:2)
1 creature vanquished.

Grand Total: 49 creatures vanquished

Notes
Turn   | Place    | Note
-------+----------+-------------------------------------------
     0 | D:1      | dabmancer the Deep Elf Hedge Wizard began the quest for the
                  | Orb.
     0 | D:1      | Reached XP level 1. HP: 10/10 MP: 7/7
   380 | D:1      | Reached XP level 2. HP: 9/15 MP: 0/9
   948 | D:1      | Found a faded altar of an unknown god.
   983 | D:1      | You fall into a shaft and drop 1 floor!
  1591 | D:1      | Reached XP level 3. HP: 16/19 MP: 4/11
  2064 | D:1      | Reached skill level 5 in Spellcasting
  2069 | D:1      | Learned a level 2 spell: Blink
  2072 | D:1      | Learned a level 2 spell: Call Imp
  2074 | D:1      | Learned a level 1 spell: Slow
  2585 | D:2      | Found a basalt altar of Yredelemnul.
  3458 | D:3      | Found a radiant altar of Vehumet.
  3532 | D:3      | Reached XP level 4. HP: 24/24 MP: 9/13
  3551 | D:3      | Succumbed to an adder's poison

Illustrated notes

Levels and vault maps discovered:
D:1:      dpeg_arrival_morbid_curiosity, layout_basic,
          dreamdust_ecumenical_altar_angels_and_demons
D:2:      minmay_chambers_of_ones, layout_loops_ring, basic_altar, fountainhead
D:3:      layout_basic, lemuel_doored_altar, nicolae_overflow_ecumenical_swirl,
          mainiacjoe_overflow_paths, patterned_corridor, uniq_ijyb, uniq_jessica

Skill      XL: |  1  2  3 |
---------------+----------+-----
Dodging        | 3 |  3.0
Spellcasting   | 5 |  5.4
Conjurations   | 2 |  2.2
Stealth        | |  2.8
Summonings     | |  1.6
Translocations | |  1.3

Action                   |  1- 3 |  4- 6 || total
-------------------------+-------+-------++-------
Melee: Dagger            |    14 |       ||    14
       Quarterstaff      |     4 |     2 ||     6
       Punch             |     1 |       ||     1
 Cast: Magic Dart        |   133 |    11 ||   144
       Call Imp          |     1 |       ||     1
  Use: Potion            |       |     5 ||     5
Armor: Robe              |    10 |     1 ||    11
       Skin              |       |     1 ||     1
Dodge: Dodged            |    42 |     2 ||    44

Table legend: (Time is in decaauts)
 A = Elapsed time spent in this place.
 B = Non-inter-level travel time spent in this place.
 C = Inter-level travel time spent in this place.
 D = Time resting spent in this place.
 E = Time spent auto-exploring this place.
 F = Levels seen in this place.
 G = Mean time per level.
                   A        B        C        D        E       F      G
               +--------+--------+--------+--------+--------+-----+--------+
         Total |   3552 |   3484 |     68 |    901 |   2248 |   3 | 1184.0 |
       Dungeon |   3552 |   3484 |     68 |    901 |   2248 |   3 | 1184.0 |
               +--------+--------+--------+--------+--------+-----+--------+

Top non-repeatable levels by time:
     D:1: 2085 daAuts
     D:2: 1331 daAuts
     D:3: 136 daAuts
